 Dungeon Crawl Stone Soup version 0.31-a0-774-g0d66cbabe8 (webtiles) character file.

Game seed: 15376390723485630371

4 cforsyth the Sneak (level 1, -1/20 HPs)
             Began as a Djinni Delver on Sept 18, 2023.
             Slain by a worm (11 damage)
             ... on level 5 of the Dungeon.
             The game lasted 00:00:22 (107 turns).

cforsyth the Sneak (Djinni Delver)                   Turns: 107, Time: 00:00:23

Health: -1/20      AC:  3    Str: 11    XL:     1   Next: 77%
Gold:   26         EV: 12    Int: 11    God:
                   SH:  0    Dex: 14

rFire   + + .        a - +0 falchion
rCold   x . .        (no shield)
rNeg    . . .        b - +0 leather armour
rPois   ∞            (no helmet)
rElec   .            (no cloak)
rCorr   .            (no gloves)
SInv    .            (boots unavailable)
Will    .....        (no amulet)
Stlth   ++           (no ring)
HPRegen 0.23/turn    (no ring)
MPRegen 0.00/turn

%: infuse magic (-2 HP)
@: flying
A: sickness immunity, fire resistance 2, cold vulnerability 1, float, innate
caster, HP casting, extra vitality 1
a: no special abilities


You were on level 5 of the Dungeon.
You visited 1 branch of the dungeon, and saw 1 of its levels.

You collected 26 gold pieces.

Inventory:

Hand Weapons
 a - a +0 falchion (weapon)
Armour
 b - a +0 leather armour (worn)
Wands
 g - a wand of digging (3)
Scrolls
 c - a scroll of fog
 d - a scroll of revelation
 e - a scroll of fear
Potions
 f - a potion of haste


   Skills:
 + Level 3.1 Fighting
 - Level 1.7 Long Blades
 - Level 2.1 Dodging
 - Level 4.1 Stealth
 + Level 0.2 Spellcasting
 + Level 0.2 Conjurations
 + Level 0.2 Hexes
   Level 0.0 Charms
 + Level 0.2 Summonings
 + Level 0.2 Necromancy
 + Level 0.2 Translocations
 + Level 0.2 Transmutations
 + Level 0.2 Fire Magic
 + Level 0.2 Ice Magic
 + Level 0.2 Air Magic
 + Level 0.2 Earth Magic
 + Level 0.2 Poison Magic You didn't know any spells. Your spell library was empty.

Dungeon Overview and Level Annotations

Branches:
Dungeon (5/15)
 Temple: D:4-7

Altars:

Annotations:
D:5 Dowan, Duvessa


Innate Abilities, Weirdness & Mutations

You are immune to sickness and miasma.
You are immune to poison.
Your flesh is very heat resistant. (rF++)
You are vulnerable to cold. (rC-)
You float through the air rather than walking.
You learn spells naturally, not from books.
Your magical power is your life essence.
You have superior vitality. (+4 MHP)


Message History

You hit the giant cockroach.
You kill the giant cockroach!
No target in view!
No target in view!
No target in view!
No target in view!
No target in view!
A rat comes into view.
You hit the rat.
You kill the rat!
A worm comes into view.
You hear the slow rusting of a drain.
You hit the worm. You punch the worm.
The worm is heavily wounded.
The worm bites you.
You barely miss the worm.
The worm is moderately wounded.
The worm bites you but does no damage.
You hit the worm.
The worm is heavily wounded.
The worm bites you.
You are too injured to fight recklessly!
You are too injured to fight recklessly!
You are too injured to fight recklessly!
You are too injured to fight recklessly!
You are too injured to fight recklessly!
You are too injured to fight recklessly!
You are too injured to fight recklessly!
You are too injured to fight recklessly!
You are too injured to fight recklessly!
You hit the worm.
The worm is heavily wounded.
You hit the worm.
The worm is heavily wounded.
The worm splashes around in the water.
You hit the worm.
The worm is severely wounded.
The worm bites you!
Ouch! That really hurt!
You die...

# # # ### ## ##########
##.#
##~~####~~##....###...
#~~~w@~~~~~#....#.....
##~~####~~##........#.
#~ ##~#.........#. #
#~#........###
#~#..........# ####
##~#......#...#
####~~####~~##....##....
#..~~~~~~~~~~#....####.#
#.##~~####~~##.....##...


You could see a worm.

Vanquished Creatures
  2 giant cockroaches (D:5)
  A quokka (D:5)
  A rat (D:5)
4 creatures vanquished.

Notes
Turn   | Place    | Note
-------+----------+-------------------------------------------
     0 | D:5      | cforsyth the Djinni Delver began the quest for the Orb.
     0 | D:5      | Reached XP level 1. HP: 20/20 MP: 0/0
    52 | D:5      | Noticed Duvessa
    52 | D:5      | Noticed Dowan
    52 | D:5      | Noticed a scorpion
   107 | D:5      | Slain by a worm

Illustrated notes

Levels and vault maps discovered:
D:5:      layout_cave_pools, gammafunk_temple_overflow_claw,
          gup_sewer_entry_bubbles, uniq_pikel, uniq_duvessa

Action                     || total
---------------------------++-------
  Melee: Falchion          ||    20
         Punch             ||     1
 Armour: Leather armour    ||     8
  Dodge: Dodged            ||    11

Table legend: (Time is in decaauts)
 A = Elapsed time spent in this place.
 B = Non-inter-level travel time spent in this place.
 C = Inter-level travel time spent in this place.
 D = Time resting spent in this place.
 E = Time spent auto-exploring this place.
 F = Levels seen in this place.
 G = Mean time per level.
                   A        B        C        D        E       F      G
               +--------+--------+--------+--------+--------+-----+--------+
         Total |    110 |    110 |      0 |      0 |     38 |   1 |  110.0 |
       Dungeon |    110 |    110 |      0 |      0 |     38 |   1 |  110.0 |
               +--------+--------+--------+--------+--------+-----+--------+

Top non-repeatable levels by time:
     D:5: 110 daAuts
